cohdb
Replays
Latest Replays
All Replays
Popular Replays
Top Player Replays
Match Explorer
How It Works
Community
CoH3 Stats
Reddit
Sign in to upload your games and track your stats! →
Sign in with Steam
Match 42043856
Unlisted
Match 42043856
Overview
Messages
Build Orders
End
Construct Barracks
Engineer Squad
Riflemen Squad
Riflemen Squad
Grenade Package
Riflemen Squad
Mechanized Support Center
Construct Motor Pool
M1 Anti-tank Gun Team
Construct Medical Station
Selects Heavy Weapons
Selects M2HB .50cal Heavy Machine Gun
Selects Gallant Stand
Selects Black Dragon Artillery Barrage
M8 Greyhound Armored Car
Riflemen Squad
Riflemen Squad
Construct Tank Depot
.30 cal Machine Gun
Riflemen Squad
.30 cal Machine Gun
M4A1 Sherman Medium Tank
M1918 Browning Automatic Rifles
M4A1 76mm Conversion
Selects Assault Carriers
Selects Exchangeable Parts
Selects M26 Pershing Heavy Tank
M26 Pershing Heavy Tank
M4A1(76) Sherman Medium Tank
.30 cal Machine Gun
Black Dragon Artillery Barrage
Engineer Squad
Improvised Armor
matrix4x4
Brother
0
0
Comments
sign in to comment!
No comments posted yet!